 Dungeon Crawl Stone Soup version 0.25-a0-1079-g858b6a6ff6 (webtiles) character file.

Game seed: 730209513742221197, levelgen mode: deterministic

108707 bmfx the Covert (level 16, -1/122 HPs)
             Began as a Mummy Assassin on May 15, 2020.
             Was an Initiate of Gozag.
             Shot with an arrow by a satyr (34 damage)
             ... on level 2 of the Shoals on May 16, 2020.
             The game lasted 01:47:38 (37794 turns).

bmfx the Covert (Mummy Assassin)                   Turns: 37794, Time: 01:47:38

Health: -1/122     AC: 11    Str: 15    XL:     16   Next: 3%
Magic:  32/32      EV: 23    Int: 13    God:    Gozag
Gold:   2956       SH: 11    Dex: 26    Spells: 31/39 levels left

rFire    + + .     SeeInvis .   b - +9 quick blade (vorpal)
rCold    + . .     Gourm    .   C - +1 kite shield {rF+}
rNeg     + + +     Faith    .   V - +1 leather armour "Xebruf" {rF++ Stlth-}
rPois    ∞         Spirit   .   l - +1 helmet
rElec    .         Reflect  .   c - +0 cloak
rCorr    .         Harm     .   T - +2 pair of gloves {Dex+3}
MR       ++...                  g - +0 pair of boots (curse)
Stlth    ++++......             n - amulet of regeneration
HPRegen  0.70/turn              k - +4 ring of evasion
MPRegen  0.23/turn              S - +6 ring of dexterity

@: very slightly contaminated, slowed, very slow
A: no food or potions, fire vulnerability, cold resistance 1, negative energy
resistance 3, torment resistance, unbreathing, in touch with death 1
a: Potion Petition, Call Merchant, Bribe Branch, Renounce Religion


You were on level 2 of the Shoals.
You worshipped Gozag.
Gozag was most pleased with you.
You were not hungry.

You visited 5 branches of the dungeon, and saw 26 of its levels.
You also visited: Bailey.

You collected 8991 gold pieces.
You spent 2812 gold pieces at shops.
You paid 3223 gold pieces to Gozag.


Innate Abilities, Weirdness & Mutations

You do not eat or drink.
Your flesh is vulnerable to fire.
You are immune to poison.
Your flesh is cold resistant. (rC+)
You are immune to negative energy. (rN+++)
You are immune to unholy pain and torment.
You can survive without breathing.
You are in touch with the powers of death.

Dungeon Overview and Level Annotations

Branches:
Dungeon (15/15)            Temple (1/1) D:6            Lair (6/6) D:10
 Shoals (2/4) Lair:4        Snake (0/4) Lair:4        Slime (0/5) Lair:6
    Orc (2/2) D:10            Elf (0/3) Orc:2        Vaults (0/5) D:13
 Depths (0/5) D:15         Bailey (visited)

Altars:
Ashenzari
Cheibriados
Dithmenos
Elyvilon
Fedhas
Gozag
Hepliaklqana
Kikubaaqudgha
Makhleb
Nemelex Xobeh
Okawaru
Qazlal
Ru
Sif Muna
Trog
Uskayaw
Vehumet
Wu Jian
Xom
Yredelemnul
Zin
The Shining One
Beogh
Jiyva

Shops:
D:7 :   D:12 [   D:14 *   Orc:2 }([*   Lair:3 [}   Shoals:1 [   Shoals:2 ?%(!

Annotations:
Lair:6 2 transporters, DEFE's ghost, journeyman FeFi
Shoals:2 Ilsuiw


   Skills:
 - Level 10.0 Fighting
 - Level 10.0 Short Blades
 - Level 4.0 Throwing
 - Level 10.0 Dodging
 - Level 12.0 Stealth
 - Level 4.0 Shields
 - Level 12.0 Spellcasting
 + Level 10.3 Hexes
 - Level 8.0 Evocations


You had 31 spell levels left.
You knew the following spells:

 Your Spells              Type           Power        Failure   Level  Hunger
i - Invisibility          Hex            ####....     71%         6    N/A
w - Passwall              Tmut/Erth      #.......     56%         2    N/A

Your spell library contained the following spells:

 Spells                   Type           Power        Failure   Level  Hunger
 Dazzling Flash           Conj/Hex       ###...       17%         3    N/A
 Animate Skeleton         Necr           N/A          43%         1    N/A
 Magic Dart               Conj           #...         43%         1    N/A
 Pain                     Necr           ##..         43%         1    N/A
 Shock                    Conj/Air       #...         43%         1    N/A
 Fulminant Prism          Conj/Hex       ###.......   50%         4    N/A
 Searing Ray              Conj           #.....       56%         2    N/A
 Sticks to Snakes         Tmut           #.......     56%         2    N/A
 Swiftness                Chrm/Air       #.......     56%         2    N/A
 Darkness                 Hex            ####......   71%         6    N/A
 Ignite Poison            Fire/Tmut/Pois #.......     80%         3    N/A
 Static Discharge         Conj/Air       #.......     80%         3    N/A
 Vampiric Draining        Necr           ##........   80%         3    N/A
 Airstrike                Air            #.........   99%         4    N/A
 Animate Dead             Necr           N/A          99%         4    N/A
 Iskenderun's Mystic Bla  Conj/Tloc      #.......     99%         4    N/A
 Passage of Golubria      Tloc           N/A          99%         4    N/A
 Petrify                  Tmut/Erth      #.......     99%         4    N/A
 Agony                    Necr           ##......     100%        5    N/A
 Alistair's Intoxication  Tmut/Pois      #.......     100%        5    N/A
 Irradiate                Conj/Tmut      #.........   100%        5    N/A
 Lee's Rapid Deconstruct  Erth           #.........   100%        5    N/A
 Lightning Bolt           Conj/Air       #.........   100%        5    N/A
 Eringya's Noxious Bog    Tmut/Pois      #.........   100%        6    N/A
 Beastly Appendage        Tmut           Unusable     N/A         1    N/A
 Sublimation of Blood     Necr           Unusable     N/A         2    N/A
 Spider Form              Tmut/Pois      Unusable     N/A         3    N/A
 Ice Form                 Ice/Tmut       Unusable     N/A         4    N/A
 Blade Hands              Tmut           Unusable     N/A         5    N/A

Action                   |  1- 3 |  4- 6 |  7- 9 | 10-12 | 13-15 | 16-18 || total
-------------------------+-------+-------+-------+-------+-------+-------++-------
Melee: Dagger            |   105 |   134 |   229 |   442 |       |       ||   910
       Rapier            |       |       |       |   539 |  1217 |    13 ||  1769
       Quick blade       |       |       |       |       |   527 |     5 ||   532
 Fire: Hunting sling     |       |       |   210 |       |    11 |       ||   221
Throw: Stone             |    64 |    53 |    18 |    17 |     4 |       ||   156
       Dart              |    11 |    42 |   143 |    97 |    90 |       ||   383
       Boomerang         |       |       |    30 |    21 |    34 |       ||    85
Invok: Call Merchant     |       |       |       |     2 |     1 |       ||     3
       Potion Petition   |       |       |       |       |     3 |       ||     3
 Abil: Evoke Flight      |       |       |     3 |       |       |       ||     3
       Evoke Invisibilit |       |       |       |    32 |    58 |     1 ||    91
Evoke: Wand              |       |     4 |    11 |    18 |    20 |       ||    53
       Lightning rod     |       |       |       |       |    19 |       ||    19
       Box of beasts     |       |       |       |       |     1 |       ||     1
       Phial of floods   |       |       |       |       |     1 |       ||     1
  Use: Scroll            |     1 |     5 |     5 |     6 |    12 |       ||    29
 Stab: Sleeping          |     2 |       |    10 |    32 |    71 |       ||   115
       Invisible         |       |       |       |    64 |   123 |     2 ||   189
       Distracted        |       |       |       |     1 |    19 |       ||    20
       Paralysed         |       |       |       |       |     1 |       ||     1
Armor: Robe              |    37 |    19 |    37 |       |       |       ||    93
       Steam dragon scal |       |       |     4 |   106 |   109 |       ||   219
       Leather armour    |       |       |       |       |    41 |     3 ||    44
Dodge: Dodged            |    50 |    73 |   194 |   492 |   849 |    13 ||  1671
Block: Kite shield       |       |       |     8 |   330 |   610 |     9 ||   957

Skill      XL: |  1  2  3  4  5  6  7  8  9 10 11 12 13 14 15 |
---------------+----------------------------------------------+-----
Short Blades   | 2 3 4 5 6 7 9 10 | 10.0
Throwing       | 2 4 |  4.0
Fighting       | 3 4 6 10 | 10.0
Stealth        | 4 5 6 7 8 9 10 12 | 12.0
Evocations     | 3 4 6 8 |  8.0
Dodging        | 5 6 8 10 | 10.0
Shields        | 1 4 |  4.0
Spellcasting   | 7 12 | 12.0
Hexes          | 6 10 | 10.3

Inventory:

Hand Weapons
 a - the +7 rapier "Jaro" {vorpal, +Inv rPois rF- MP+9}
   (You found it on level 10 of the Dungeon)

   It inflicts extra damage upon your enemies.
   It makes you vulnerable to fire.
   It protects you from poison.
   It affects your magic capacity (+9).
   It lets you turn invisible.
 b - a +9 vorpal quick blade (weapon)
 w - a +2 hunting sling of freezing
Missiles
 d - 37 poisoned darts
 f - 766 stones (quivered)
 h - 55 boomerangs
 r - 241 sling bullets
 u - 8 curare-tipped darts
 G - 3 throwing nets {!f}
 H - 10 silver boomerangs
 Z - 3 atropa-tipped darts
Armour
 c - a +0 cloak (worn)
 g - a cursed +0 pair of boots (worn)
 l - a +1 helmet (worn)
 B - a +0 hat of intelligence
 C - a +1 kite shield of fire resistance (worn)
 D - +1 steam dragon scales
 F - a +2 robe of cold resistance
 T - a +2 pair of gloves of dexterity (worn)
 V - the +1 leather armour "Xebruf" (worn) {rF++ Stlth-}
   (You bought it in a shop on level 14 of the Dungeon)

   It greatly protects you from fire.
   It makes you less stealthy.
Jewellery
 k - a +4 ring of evasion (left hand)
 n - an amulet of regeneration (around neck)
 p - an uncursed ring of see invisible
 q - an uncursed amulet of the acrobat
 I - an uncursed ring of protection from cold
 J - an uncursed ring of flight
 K - an uncursed ring of magical power
 M - a +6 ring of intelligence
 N - a +6 ring of intelligence
 Q - an uncursed ring of wizardry
 S - a +6 ring of dexterity (right hand)
 U - a +4 ring of evasion
Wands
 i - a wand of clouds (2)
 x - a wand of paralysis (9)
 y - a wand of enslavement (3)
 z - a wand of digging (10)
 E - a wand of disintegration (16)
 W - a wand of polymorph (12)
Scrolls
 e - 4 scrolls of blinking {@r2}
 j - 6 scrolls of remove curse {@r4}
 m - 8 scrolls of teleportation {@r1}
 o - a scroll of fear
 s - 6 scrolls of fog
 t - 2 scrolls of silence
 A - 10 scrolls of identify {@r3}
 L - a scroll of vulnerability
 O - 2 scrolls of magic mapping
 X - a scroll of summoning
 Y - 2 scrolls of enchant armour
Miscellaneous
 v - a phial of floods
 P - a lightning rod (2/4)
 R - a box of beasts

≈≈≈≈≈≈≈≈≈≈≈≈≈≈..
≈≈≈≈≈≈≈≈≈≈≈≈≈≈≈≈≈≈.
≈≈≈≈≈≈≈≈≈≈≈≈≈≈≈≈≈≈≈≈
≈
≈≈≈≈≈≈≈≈≈≈≈≈≈≈≈≈≈≈≈≈
≈
≈≈≈≈≈≈≈≈≈≈(≈≈≈≈≈≈≈≈≈
≈
≈≈≈≈≈≈≈≈≈≈≈≈≈≈≈≈≈≈≈≈
≈
≈≈≈≈≈≈≈≈..(.(....≈≈.
≈≈≈
..^≈≈≈≈.c..(@..(....
≈≈≈≈
........>((#######..
.≈≈≈≈ .......c(>.#
..≈≈≈ .......cc..#
.. #.≈≈
≈≈≈...........# ...
#..≈
≈≈≈≈...........#
≈..###..≈
≈∩...............
.........
≈≈≈≈.............
......≈..
≈≈≈..............
...≈.≈≈..


You could see a satyr and 3 fauns.

Vanquished Creatures
  Saint Roka (Orc:2)
  Gastronok (Lair:1)
  An orc warlord (D:10)
  A frost giant (Shoals:1)
  Aizul (Shoals:1)
  Nessos (D:12)
  Azrael (D:12)
  Snorg (D:14)
  2 merfolk impalers (Shoals:1)
  Josephine (Lair:6)
  A yaktaur captain (D:13)
  A merfolk avatar (Shoals:2)
  5 hydras
  A merfolk aquamancer (Shoals:2)
  A centaur warrior (D:14)
  4 two-headed ogres
  An orc high priest (Orc:2)
  2 unseen horrors
  2 wizards
  A sea snake (Lair:4)
  2 necromancers
  Pikel (D:8)
  4 harpies (Shoals:1)
  3 orc knights
  3 oklob plants (Lair:2)
  3 deep elf magi
  8 ugly things
  2 manticores (Shoals:1)
  A faun (Shoals:2)
  11 cyclopes
  3 orc sorcerers
  8 elephants
  Maurice (Orc:2)
  4 centaur zombies
  2 naga magi (D:15)
  2 water nymphs (Shoals:1)
  A merfolk siren (Shoals:2)
  Joseph (D:7)
  A centaur skeleton (D:14)
  4 gargoyles
  4 black mambas
  13 spiny frogs
  Maggie (D:8)
  3 rime drakes
  2 efreet (D:14)
  2 yaktaurs (D:13)
  9 komodo dragons
  2 tengu conjurers (D:13)
  A redback zombie (D:13)
  6 polar bears
  A queen bee (D:8)
  4 trolls
  9 merfolk
  18 blink frogs
  3 wind drakes (Shoals:2)
  7 dream sheep (Lair:6)
  Prince Ribbit (D:8)
  3 snapping turtles (Shoals:1)
  8 hornets
  A harpy skeleton (D:15)
  6 hippogriffs
  5 wraiths
  3 water elementals
  12 spriggans (Lair:6)
  50 yaks
  3 shadows
  4 fire elementals (D:12)
  7 basilisks
  3 wyverns
  5 hungry ghosts
  7 vampire mosquitoes
  Menkaure (D:5)
  2 wargs (D:10)
  A swamp worm (Orc:1)
  2 acid dragons
  4 hell hounds
  6 porcupines
  14 water moccasins
  2 ice beasts
  47 orc warriors
  2 sky beasts
  An eye of draining (D:12)
  2 black bears
  2 phantoms
  A slave (D:8)
  A necrophage (D:13)
  6 centaurs
  11 ogres
  36 wolves
  3 boggarts (Lair:6)
  5 big kobolds
  18 crocodiles
  Blork the orc (D:6)
  5 gnoll sergeants (D:10)
  14 bullfrogs
  A wyvern skeleton (D:14)
  6 scorpions
  21 killer bees
  An oklob sapling (D:6)
  4 wights (D:14)
  A howler monkey (D:11)
  8 crimson imps
  2 hounds
  3 jellies
  2 quasits
  A bullfrog zombie (D:10)
  2 bullfrog skeletons
  A gnoll shaman (D:6)
  25 orc priests
  23 orc wizards
  2 iguanas
  2 yak simulacra (Lair:4)
  5 worker ants
  4 polar bear simulacra (Lair:4)
  2 killer bee zombies (D:5)
  A wolf simulacrum (Lair:4)
  A hound zombie (D:5)
  Robin (D:2)
  14 gnolls
  8 adders
  5 shadow imps
  An ooze (D:3)
  An adder zombie (D:6)
  An adder skeleton (D:4)
  2 dart slugs
  7 leopard geckos
  119 orcs
  7 bats
  2 giant cockroaches
  10 hobgoblins
  13 jackals
  5 quokkas
  2 ball pythons
  2 frilled lizards
  11 goblins
  21 kobolds
  A quokka skeleton (D:5)
  A quokka zombie (D:4)
  5 rats
  4 river rat simulacra (Lair:4)
  7 plants
853 creatures vanquished.

Vanquished Creatures (collateral kills)
  A gargoyle (D:10)
  A black bear (Lair:6)
  A centaur (Lair:4)
  An adder (D:11)
  A leopard gecko (D:11)
5 creatures vanquished.

Vanquished Creatures (others)
  Nikola (Shoals:1)
  3 harpies (Shoals:1)
  An ugly thing (D:11)
  An orc warrior (Orc:2)
  A shadow imp (D:12)
  An orc (Orc:2)
  2 bushes
  33 fungi
  48 plants
91 creatures vanquished.

Grand Total: 949 creatures vanquished

Levels and vault maps discovered:
D:1:      lightli_arrival_statuegarden, layout_loops_ring
D:2:      layout_rooms, uniq_robin
D:3:      layout_loops_ring, chequers_ecumenical_altar_island
D:4:      layout_rooms, first_ration
D:5:      layout_loops_ring, nicolae_overflow_crystal_walls, minmay_small_thing,
          uniq_menkaure
D:6:      layout_rooms, elyvilon_altar_5, kennysheep_little_box,
          minmay_temple_entry_oklob, uniq_blork_the_orc
D:7:      layout_basic, marbit_many_paths, grunt_temple_overflow_open,
          serial_shops, shop, uniq_joseph
D:8:      layout_loops_ring, enter_bailey_6, david_nohive_1,
          hangedman_abyss_or_decor_clamps, uniq_prince_ribbit1, uniq_pikel,
          uniq_maggie
D:9:      layout_grid_maze, nicolae_overflow_hidden_temple
D:10:     layout_roguey, minmay_lair_entry_grove,
          kennysheep_orc_monster_closet_entryway, serial_curves, eino_curves_03,
          eino_curves_01
D:11:     layout_rooms
D:12:     layout_roguey, serial_shops, shop, lemuel_statue_altar, uniq_nessos,
          uniq_azrael
D:13:     layout_gridville, david_vaults_2, serial_glass, glass_columns_b,
          glass_columns_a, glass_columns_c, glass_columns_a, glass_columns_b,
          glass_columns_b, glass_columns_a, glass_columns_a, glass_columns_b,
          glass_columns_c
D:14:     layout_long_grid, serial_shops,
          nicolae_shop_competitors_out_of_business, grunt_decor_clamped,
          grunt_ministairs_1, st_stairs_3, hangedman_glass_teeth, uniq_snorg
D:15:     grunt_enter_depths_magical_seal, layout_loops_ring,
          grunt_dithmenos_smoke
Temple:   eino_temple_water
Lair:1:   layout_cave_pods, grunt_megastairs_5, uniq_gastronok
Lair:2:   layout_loops_ring, cheibrodos_lair_lostbears,
          minmay_lair_oklob_chamber, lemuel_fruit_fields
Lair:3:   layout_cave_pods, grunt_megastairs_3
Lair:4:   layout_loops_ring, minmay_shoals_entry_centaurs,
          eino_house_with_fridge
Lair:5:   layout_gridlike, infiniplex_staircase_pool
Lair:6:   minmay_lair_end_enchanted_forest, layout_loops_ring, slime_altar_1,
          gammafunk_ghost_hive, grunt_forest_large_clearings, uniq_josephine
Shoals:1: layout_shoals, st_cyclops, uniq_nikola, uniq_aizul
Shoals:2: layout_shoals, serial_shops, shop, shop, nicolae_shop_waterfront,
          nicolae_shop_waterfront, nicolae_shop_waterfront, abandoned_shop,
          st_sunken_huts, uniq_ilsuiw
Orc:1:    layout_caves
Orc:2:    grunt_orc_community_town_hall, layout_diamond_mine,
          grunt_orc_community_big_house_2, grunt_orc_community_big_house_1,
          grunt_orc_community_house_3, grunt_orc_community_house_1,
          grunt_orc_community_house_3, grunt_orc_community_house_2, uniq_maurice


Message History

You see here a stone.
The faun shoots a stone.
The stone hits you.
The faun shoots a stone.
You block the stone.
The faun gestures at you while chanting.
You resist with almost no effort.
You see here 3 stones.
The satyr shoots an arrow.
The arrow hits you!
The faun shoots a stone.
You block the stone.
The faun shoots a stone.
The stone closely misses you.
You hear a splash.
The satyr shoots an arrow.
The arrow hits you!!
Things that are here:
an arrow; 3 stones The faun shoots a stone.
The stone barely misses you.
The faun shoots a stone.
The stone hits you!
* * * LOW HITPOINT WARNING * * *
The faun shoots a stone.
You block the stone.
The faun shoots a stone.
The stone completely misses you.
The satyr shoots an arrow.
The arrow hits you!!
You die...
Your body crumbles into a pile of gold.

Notes
Turn   | Place    | Note
-------+----------+-------------------------------------------
     0 | D:1      | bmfx the Mummy Assassin began the quest for the Orb.
     0 | D:1      | Reached XP level 1. HP: 16/16 MP: 1/1
   309 | D:1      | Reached XP level 2. HP: 6/22 MP: 2/2
  1100 | D:2      | Reached XP level 3. HP: 25/28 MP: 3/3
  1497 | D:2      | Noticed Robin
  1509 | D:2      | Killed Robin
  1897 | D:2      | Reached XP level 4. HP: 33/34 MP: 4/4
  2648 | D:3      | Reached XP level 5. HP: 33/41 MP: 5/5
  2733 | D:3      | Found a faded altar of an unknown god.
  3206 | D:4      | Reached XP level 6. HP: 48/48 MP: 6/6
  3846 | D:5      | Entered Level 5 of the Dungeon
  3908 | D:5      | Noticed Menkaure
  3913 | D:5      | Killed Menkaure
  3913 | D:5      | Reached skill level 5 in Stealth
  3913 | D:5      | Reached XP level 7. HP: 54/54 MP: 7/7
  4147 | D:5      | Reached skill level 1 in Evocations
  4281 | D:5      | Found a radiant altar of Vehumet.
  4764 | D:6      | Noticed Blork the orc
  4769 | D:6      | Killed Blork the orc
  4942 | D:6      | Reached XP level 8. HP: 60/60 MP: 10/10
  5055 | D:6      | Found a staircase to the Ecumenical Temple.
  5152 | Temple   | Entered the Ecumenical Temple
  5202 | Temple   | Became a worshipper of Gozag Ym Sagoz the Greedy
  5330 | D:6      | Found a white marble altar of Elyvilon.
  5431 | D:6      | Found a hazy altar of Hepliaklqana.
  5522 | D:7      | Noticed Joseph
  5526 | D:7      | Killed Joseph
  5542 | D:7      | Found Utyaniqo's Book Shoppe.
  5726 | D:7      | Found a stormy altar of Qazlal.
  5960 | D:7      | Found a shimmering blue altar of Sif Muna.
  5962 | D:7      | Found a hide-covered altar of Uskayaw.
  5987 | D:7      | Found a shattered altar of Ashenzari.
  6014 | D:7      | Reached skill level 5 in Short Blades
  6255 | D:7      | Reached XP level 9. HP: 65/65 MP: 12/12
  6428 | D:8      | Noticed Prince Ribbit
  6578 | D:8      | Found a flagged portal.
  6696 | Bailey   | Entered a bailey
  7247 | Bailey   | Reached skill level 1 in Dodging
  7293 | Bailey   | Noticed an orc knight
  7422 | Bailey   | Killed an orc knight
  7637 | D:8      | Noticed Maggie
  7648 | D:8      | Killed Maggie
  7654 | D:8      | Reached skill level 5 in Dodging
  7941 | D:8      | Noticed Pikel
  8021 | D:8      | Killed Prince Ribbit
  8021 | D:8      | Reached XP level 10. HP: 56/71 MP: 13/13
  8251 | D:8      | Killed Pikel
  8440 | D:9      | Found a blossoming altar of Fedhas.
  8791 | D:9      | Noticed a brown ugly thing
  9651 | D:10     | Entered Level 10 of the Dungeon
  9942 | D:9      | Reached skill level 5 in Fighting
 10186 | D:8      | Reached skill level 5 in Evocations
 10821 | D:10     | Found a staircase to the Lair.
 11457 | D:10     | Got a fine rapier
 11458 | D:10     | Identified the +7 rapier "Jaro" {vorpal, +Inv rPois rF-
                  | MP+9} (You found it on level 10 of the Dungeon)
 11561 | D:10     | Noticed a gargoyle
 11561 | D:10     | Noticed a gargoyle
 11572 | D:10     | Killed a gargoyle
 11572 | D:10     | Reached skill level 1 in Shields
 11583 | D:10     | Killed a gargoyle
 11707 | D:10     | Reached XP level 11. HP: 81/81 MP: 15/15
 11778 | D:10     | Found a staircase to the Orcish Mines.
 12912 | D:11     | Noticed a green ugly thing
 14166 | D:9      | Killed a brown ugly thing
 14832 | Lair:1   | Entered Level 1 of the Lair of Beasts
 14965 | Lair:1   | Noticed a five-headed hydra
 14985 | Lair:1   | Killed a five-headed hydra
 15498 | Lair:1   | Noticed Gastronok
 15507 | Lair:2   | Reached XP level 12. HP: 88/88 MP: 16/16
 17226 | Lair:3   | Reached skill level 10 in Short Blades
 17412 | Lair:3   | Reached skill level 10 in Stealth
 18067 | Lair:3   | Bought a lightning rod (4/4) for 440 gold pieces
 18725 | Lair:4   | Found a staircase to the Shoals.
 19246 | Lair:4   | Found a staircase to the Snake Pit.
 19850 | Lair:5   | Noticed an eight-headed hydra
 19854 | Lair:5   | Killed an eight-headed hydra
 19854 | Lair:5   | Gained mutation: You are in touch with the powers of death.
                  | [Mummy growth]
 19854 | Lair:5   | Reached XP level 13. HP: 79/94 MP: 19/19
 21102 | Lair:6   | Entered Level 6 of the Lair of Beasts
 21411 | Lair:6   | Identified a scroll of acquirement
 21860 | Lair:6   | Reached skill level 10 in Fighting
 22269 | Lair:6   | Found a transporter.
 22271 | Lair:6   | Found a transporter.
 22272 | Lair:6   | Noticed DEFE's ghost (journeyman FeFi)
 22571 | Lair:6   | Noticed Josephine
 22724 | Lair:6   | Killed Josephine
 22891 | Lair:6   | Found a viscous altar of Jiyva.
 22891 | Lair:6   | Found a staircase to the Slime Pits.
 23676 | Lair:6   | Reached XP level 14. HP: 110/110 MP: 20/20
 25128 | Lair:1   | Killed Gastronok
 25536 | D:7      | Bought a book of Burglary for 825 gold pieces
 25543 | D:7      | Learned a level 6 spell: Invisibility
 25546 | D:7      | Learned a level 2 spell: Passwall
 25655 | D:12     | Noticed Azrael
 25766 | D:12     | Found a hazy altar of Hepliaklqana.
 25767 | D:12     | Found Rioc's Antique Armour Emporium.
 25773 | D:12     | Noticed Nessos
 25802 | D:12     | Reached skill level 1 in Spellcasting
 25810 | D:12     | Killed Nessos
 25810 | D:12     | Reached skill level 1 in Hexes
 25854 | D:12     | Bought a pair of embroidered gloves for 240 gold pieces
 25854 | D:12     | Bought a pair of boots for 144 gold pieces
 26221 | D:12     | Reached skill level 10 in Dodging
 27404 | D:13     | Found a gate to the Vaults.
 27913 | D:14     | Reached skill level 5 in Spellcasting
 28295 | D:14     | Noticed Snorg
 28675 | D:14     | Killed Snorg
 29129 | D:14     | Reached skill level 5 in Hexes
 29572 | D:14     | Found Sealixu's Assorted Antiques.
 29577 | D:14     | Bought a crude leather armour for 161 gold pieces
 29577 | D:14     | Bought a worn glass wand for 92 gold pieces
 29587 | D:14     | Identified the +1 leather armour "Xebruf" {rF++ Stlth-}
                  | (You bought it in a shop on level 14 of the Dungeon)
 30470 | D:15     | Entered Level 15 of the Dungeon
 30729 | D:15     | Found a shadowy altar of Dithmenos.
 30834 | D:15     | Reached XP level 15. HP: 108/115 MP: 26/26
 31200 | D:15     | Found a staircase to the Depths.
 31440 | Orc:1    | Entered Level 1 of the Orcish Mines
 31950 | Orc:1    | Noticed an orc warlord
 32023 | D:10     | Killed an orc warlord
 32549 | Orc:2    | Entered Level 2 of the Orcish Mines
 32557 | Orc:2    | Found a staircase to the Elven Halls.
 32572 | Orc:2    | Noticed Maurice
 32700 | Orc:2    | Killed Maurice
 33505 | Orc:2    | Found a roughly hewn altar of Beogh.
 33527 | Orc:2    | Found Wiypp's General Store.
 33537 | Orc:2    | Bought a scroll of blinking for 105 gold pieces
 33601 | Orc:2    | Found a roughly hewn altar of Beogh.
 33609 | Orc:2    | Found Kaffeasch's Gadget Emporium.
 33640 | Orc:2    | Bought a wand of paralysis (9) for 154 gold pieces
 34104 | Orc:2    | Found Sythryob's Antique Weapon Shoppe.
 34104 | Orc:2    | Noticed Saint Roka
 34107 | Orc:2    | Found a roughly hewn altar of Beogh.
 34386 | Orc:2    | Reached skill level 10 in Spellcasting
 34441 | Orc:2    | Killed Saint Roka
 34583 | Orc:2    | Found Fabrong's Antique Armour Emporium.
 34646 | Orc:2    | Bought a shiny helmet for 217 gold pieces
 34646 | Orc:2    | Bought a pair of runed boots for 217 gold pieces
 34646 | Orc:2    | Bought a pair of glowing gloves for 217 gold pieces
 34858 | D:12     | Killed Azrael
 35166 | Shoals:1 | Entered Level 1 of the Shoals
 35166 | Shoals:1 | Noticed Nikola
 35177 | Shoals:1 | Killed Nikola
 36330 | Shoals:1 | Noticed Aizul
 36356 | Shoals:1 | Killed Aizul
 36383 | Shoals:1 | Noticed a frost giant
 36418 | Shoals:1 | Killed a frost giant
 36726 | Shoals:1 | Found Zytz's Armour Shoppe.
 36858 | Shoals:2 | Found Othratu's Food Boutique.
 36874 | Shoals:2 | Found Wusutor's Antique Weapon Boutique.
 36874 | Shoals:2 | Found Akhliok Dipa's Distillery.
 37363 | Shoals:1 | Reached skill level 10 in Hexes
 37491 | Shoals:2 | Reached XP level 16. HP: 122/122 MP: 30/32
 37513 | Shoals:2 | Noticed Ilsuiw
 37775 | Shoals:2 | Found Jeug's Magic Scroll Shoppe.
 37794 | Shoals:2 | Shot with an arrow by a satyr
